 Dungeon Crawl Stone Soup version 0.20-a0-915-gb278767 (webtiles) character file.

441 Delwin the Covert (level 6, -1/28 HPs)
             Began as a Spriggan Enchanter on Mar 25, 2017.
             Slain by Grinder (11 damage)
             ... while paralysed by Grinder
             ... in a sewer.
             The game lasted 00:13:56 (4910 turns).

Delwin the Covert (Spriggan Enchanter)              Turns: 4910, Time: 00:13:57

Health: -1/28      AC:  5    Str:  9    XL:     6   Next: 70%
Magic:  2/14       EV:  4    Int: 22    God:
Gold:   122        SH:  0    Dex: 18    Spells: 3/15 levels left

rFire    . . .     SeeInvis +   a - +2 dagger
rCold    . . .     Gourm    .   (shield restricted)
rNeg     . . .     Faith    .   b - +0 robe
rPois    .         Spirit   .   (helmet restricted)
rElec    .         Reflect  .   p - +2 cloak
rCorr    .         Harm     .   (gloves unavailable)
MR       +....                  (boots unavailable)
Stlth    ++++......             (no amulet)
Regen    0.1/turn               m - +3 ring of slaying
MPRegen  0.2/turn               (no ring)

@: paralysed, mighty, brilliant, flying (expiring), very quick
A: unfitting armour, see invisible, herbivore 3, speed 3, slow metabolism 2
a: no special abilities


You were in a sewer.
You were not hungry.

You visited 1 branch of the dungeon, and saw 3 of its levels.
You also visited: Sewer.

You collected 122 gold pieces.

Inventory:

Hand Weapons
 a - a +2 dagger (weapon)
 f - a cursed +0 blowgun
Missiles
 i - 38 poisoned needles
Armour
 b - a +0 robe (worn)
 g - +0 fire dragon scales
 p - a +2 cloak (worn)
Jewellery
 j - an uncursed ring of fire
 m - a +3 ring of slaying (left hand)
Scrolls
 l - a scroll of blinking
Potions
 e - a potion of heal wounds
 h - 2 potions of flight
 k - a potion of curing
 n - a potion of might
Books
 c - a book of Maledictions

   Spells                             Type                      Level
   a - Corona                         Hexes                        1
   b - Ensorcelled Hibernation        Hexes/Ice                    2
   c - Confuse                        Hexes                        3
   d - Tukima's Dance                 Hexes                        3
   e - Dazzling Spray                 Conjuration/Hexes            3
Comestibles
 d - 3 bread rations


   Skills:
 - Level 1.1 Short Blades
 - Level 3.0 Dodging
 + Level 9.1 Stealth
 - Level 5.0 Spellcasting
 - Level 5.3 Hexes


You had 3 spell levels left.
You knew the following spells:

 Your Spells              Type           Power        Failure   Level  Hunger
a - Ensorcelled Hibernat  Hex/Ice        ####..       1%          2    None
b - Corona                Hex            #####..      1%          1    None
c - Confuse               Hex            #####...     1%          3    ##.....
d - Tukima's Dance        Hex            #####...     1%          3    ##.....
e - Dazzling Spray        Conj/Hex       ####..       1%          3    ##.....


Dungeon Overview and Level Annotations

Branches:
Dungeon (3/15)

Altars:
Nemelex Xobeh
Sif Muna
Trog
The Shining One

Annotations:
Sewer Grinder


Innate Abilities, Weirdness & Mutations

You are very small and have problems with some larger weapons.
You are too small for most types of armour.
You have supernaturally acute eyesight. (SInv)
You are a herbivore.
You cover ground extremely quickly.
You need consume almost no food.


Message History

Grinder is heavily wounded.
Grinder completely misses you.
You hit Grinder.
Grinder is heavily wounded.
Grinder barely misses you.
You barely miss Grinder.
Grinder is heavily wounded.
Grinder hits you.
You writhe in agony.
Casting: Confuse
Confirm with . or Enter, or press ? or * to list all spells.
You don't have enough magic to cast that spell.
Unknown command.
You puncture Grinder!
Grinder is almost dead.
Grinder gestures at you.
You suddenly lose the ability to move!
You are starting to lose your buoyancy.
Grinder hits you! Grinder hits you!
You die...

#≈≈.#≈≈≈≈..#≈≈≈#..≈≈.≈#
#≈.≈#......#≈≈≈#......#
##.##'#######≈#######'#
#≈≈.#)...((#..≈#..... #
#≈..)≈.≈≈≈)).....≈≈≈.
#.≈.#≈≈≈≈≈≈#...#≈≈≈≈≈
#############(#######
#######...#######
###§@§##..§).##...###
###.§§≈5'.......'.≈...#
#∩....≈§'.§._.§.'.≈...)
###..§§.'.......'.§...#
###...##.§.§.##...###
#######...#######
##'''## #.....# #.≈≈≈.#


You could see Grinder.

Vanquished Creatures
  2 big kobolds (Sewer)
  A quasit (Sewer)
  Crazy Yiuf (D:2)
  3 big kobold zombies (Sewer)
  An adder (D:2)
  2 river rats (D:3)
  3 shadow imps (Sewer)
  3 ufetubi (Sewer)
  An ooze (Sewer)
  An adder zombie (Sewer)
  5 worms
  3 dart slugs
  4 leopard geckos
  An orc (D:3)
  8 giant cockroaches
  6 goblins
  7 hobgoblins
  7 jackals
  20 kobolds
  A quokka (D:2)
  2 ball pythons
  5 bats
  3 frilled lizards
  2 kobold zombies (Sewer)
  8 rats
100 creatures vanquished.

Vanquished Creatures (others)
  A big kobold zombie (Sewer)
  An ooze (Sewer)
2 creatures vanquished.

Grand Total: 102 creatures vanquished

Notes
Turn   | Place    | Note
-------+----------+-------------------------------------------
     0 | D:1      | Delwin the Spriggan Enchanter began the quest for the Orb.
     0 | D:1      | Reached XP level 1. HP: 9/9 MP: 5/5
   582 | D:1      | Reached XP level 2. HP: 10/13 MP: 7/7
   885 | D:1      | Learned a level 2 spell: Ensorcelled Hibernation
  1583 | D:1      | Reached XP level 3. HP: 16/16 MP: 9/9
  1588 | D:1      | Learned a level 3 spell: Confuse
  1592 | D:1      | Learned a level 3 spell: Tukima's Dance
  2512 | D:2      | Found a glowing golden altar of the Shining One.
  2560 | D:2      | Found a deep blue altar of Sif Muna.
  2569 | D:2      | Reached XP level 4. HP: 21/21 MP: 6/11
  2693 | D:2      | Noticed a moth of wrath
  2695 | D:2      | Found a bloodstained altar of Trog.
  3214 | D:2      | Found a runed door.
  3283 | D:2      | Noticed Crazy Yiuf
  3576 | D:2      | Killed Crazy Yiuf
  3576 | D:2      | Reached skill level 5 in Hexes
  3746 | D:3      | Found a sparkling altar of Nemelex Xobeh.
  3840 | D:3      | Reached skill level 5 in Spellcasting
  3858 | D:3      | Reached XP level 5. HP: 24/24 MP: 5/13
  3930 | D:3      | Found a glowing drain.
  3934 | Sewer    | Entered a sewer
  3972 | Sewer    | Reached skill level 5 in Stealth
  4144 | Sewer    | Reached skill level 6 in Stealth
  4590 | Sewer    | Learned a level 3 spell: Dazzling Spray
  4644 | Sewer    | Reached skill level 7 in Stealth
  4652 | Sewer    | Reached XP level 6. HP: 23/28 MP: 11/14
  4664 | Sewer    | Reached skill level 8 in Stealth
  4674 | Sewer    | Reached skill level 9 in Stealth
  4679 | Sewer    | Found a burning altar of Makhleb.
  4876 | Sewer    | Noticed Grinder
  4908 | Sewer    | Paralysed by Grinder for 3 turns
  4910 | Sewer    | Slain by Grinder

Vault maps used:
D:1:      lightli_iron_boxes, minivault_14
D:2:      tso_altar, tgw_trog, old_standard_altar, uniq_crazy_yiuf_cottage
D:3:      nemelex_xobeh_ov_fountains_minmay, gup_sewer_entry_spiral
Sewer:    kennysheep_sewer_church

Skill      XL: |  1  2  3  4  5  6 |
---------------+-------------------+-----
Spellcasting   | 3 4 5 |  5.0
Hexes          | 4 5 |  5.3
Stealth        | 7 9 |  9.1
Short Blades   | |  1.1
Dodging        | |  3.0

Action                   |  1- 3 |  4- 6 || total
-------------------------+-------+-------++-------
Melee: Dagger            |   130 |   194 ||   324
 Cast: Corona            |    10 |       ||    10
       Ensorcelled Hiber |    35 |    25 ||    60
       Confuse           |       |    15 ||    15
  Use: Scroll            |       |     7 ||     7
       Potion            |       |     7 ||     7
 Stab: Sleeping          |    27 |    18 ||    45
       Distracted        |     1 |     2 ||     3
       Confused          |       |     1 ||     1
  Eat: Royal jelly       |     1 |       ||     1
       Bread ration      |       |     1 ||     1
Armor: Robe              |    13 |    23 ||    36
Dodge: Dodged            |   121 |   126 ||   247
